 Dungeon Crawl Stone Soup version 0.29.1-4-g47bece8355 (webtiles) character file.

Game seed: 4588431431310080930

9679 soylentgreeen202 the Zephyrmancer (level 11, 0/82 HPs)
             Began as a Demigod Air Elementalist on Sept 23, 2022.
             Killed from afar by a molten gargoyle (26 damage)
             ... with a bolt of magma
             ... in a volcano on Dec 11, 2022.
             The game lasted 02:08:53 (16975 turns).

soylentgreeen202 the Zephyrmancer (DgAE)           Turns: 16975, Time: 02:08:54

Health: 0/82       AC: 17    Str:  9    XL:     11   Next: 6%
Magic:  8/24       EV: 17    Int: 29    God:
Gold:   540        SH:  0    Dex: 14    Spells: 3/22 levels left

rFire   . . .      SeeInvis .   m - staff of air
rCold   . . .      Faith    .   (no shield)
rNeg    . . .      Spirit   .   U - +0 acid dragon scales "Fiomez" {Will++ rCorr}
rPois   .          Reflect  .   V - +2 hat
rElec   +          Harm     .   v - +2 cloak
rCorr   +          Rampage  .   Q - +1 pair of gloves
Will    ++++.                   J - +2 pair of boots {Stlth+}
Stlth   ++++......              (no amulet)
HPRegen 0.23/turn               x - +4 ring of evasion
MPRegen 0.19/turn               I - ring of willpower

@: brilliant, about to teleport
A: high MP 1, forlorn, divine attributes
a: no special abilities


You were in a volcano.
You visited 2 branches of the dungeon, and saw 12 of its levels.
You also visited: Ossuary, Bailey and Volcano.

You collected 540 gold pieces.

Inventory:

Hand Weapons
 e - a +5 short sword of freezing
 f - a +2 arbalest of flaming
 n - a +2 quarterstaff of chaos
 p - a +1 dagger of draining
Missiles
 y - 29 poisoned darts
 D - 14 boomerangs (quivered)
 O - 6 atropa-tipped darts
Armour
 v - a +2 cloak (worn)
 J - a +2 pair of boots of stealth (worn)
 M - a +2 ring mail of cold resistance
 Q - a +1 pair of gloves (worn)
 U - the +0 acid dragon scales "Fiomez" (worn) {Will++ rCorr}
   (You found it in a bailey)

   rCorr:     It protects you from acid and corrosion.
   Will:      It greatly increases your willpower.
 V - a +2 hat (worn)
Magical Staves
 m - a staff of air (weapon)
Jewellery
 w - an amulet of guardian spirit
 x - a +4 ring of evasion (left hand)
 I - a ring of willpower (right hand)
Wands
 B - a wand of flame (14)
 H - a wand of paralysis (11)
 L - a wand of acid (5)
 S - a wand of mindburst (40)
 W - a wand of polymorph (7)
Scrolls
 c - a scroll of fear
 i - 3 scrolls of fog
 l - a scroll of teleportation
 T - a scroll of noise
 Y - a scroll of poison
Potions
 a - a potion of invisibility
 b - 2 potions of magic
 d - 4 potions of lignification
 h - a potion of brilliance
 k - 4 potions of haste
 o - 5 potions of might
 q - 2 potions of ambrosia
 s - a potion of resistance
 t - 5 potions of flight
 z - 3 potions of heal wounds
 C - 2 potions of degeneration
 E - a potion of berserk rage
 G - 3 potions of attraction
 K - 3 potions of curing
Miscellaneous
 R - a tin of tremorstones (2/2)


   Skills:
 + Level 3.6 Fighting
 - Level 1.2 Short Blades
 - Level 0.7 Throwing
 - Level 4.0 Armour
 - Level 5.0 Dodging
 - Level 5.1 Stealth
 - Level 6.0 Spellcasting
 * Level 8.8 Conjurations
 - Level 9.0 Air Magic


You had 3 spell levels left.
You knew the following spells:

 Your Spells              Type           Power      Damage    Failure   Level
a - Shock                 Conj/Air       100%       1d9       1%          1
b - Static Discharge      Conj/Air       94%        3-15/arc  1%          2
c - Swiftness             Air            95%        N/A       1%          3
d - Airstrike             Air            47%        2d(7-23)  2%          4
e - Searing Ray           Conj           100%       2d8       1%          2
f - Poisonous Vapours     Pois/Air       100%       N/A       2%          2
g - Lightning Bolt        Conj/Air       47%        1d67      6%          5

Your spell library contained the following spells:

 Spells                   Type           Power      Damage    Failure   Level
 Magic Dart               Conj           100%       1d8       1%          1
 Conjure Flame            Conj/Fire      51%        6-21      4%          3
 Stone Arrow              Conj/Erth      100%       3d13      4%          3
 Sandblast                Erth           26%        2d8       9%          1
 Ensorcelled Hibernation  Hex/Ice        26%        N/A       14%         2
 Passwall                 Tmut/Erth      10%        N/A       14%         2
 Gell's Gravitas          Tloc           13%        N/A       26%         3
 Ignite Poison            Fire/Tmut/Pois 13%        N/A       26%         3
 Spider Form              Tmut/Pois      13%        N/A       26%         3
 Teleport Other           Tloc           13%        N/A       26%         3
 Fulminant Prism          Conj/Hex       25%        3d14      14%         4
 Sticky Flame             Conj/Fire      51%        2d7       14%         4
 Summon Lightning Spire   Summ/Air       67%        N/A       14%         4
 Corpse Rot               Necr/Pois/Air  56%        N/A       26%         4
 Anguish                  Hex/Necr       6%         N/A       65%         4
 Dispersal                Tloc           6%         N/A       100%        6


Dungeon Overview and Level Annotations

Branches:
Dungeon (10/15)            Temple (0/1) D:4            Lair (1/5) D:8
Ossuary (visited)          Bailey (visited)         Volcano (1/1)
    Orc: D:9-12

Annotations:
D:8 exclusion: downstairs
D:9 exclusion: 2 downstairs
D:10 Grum


Innate Abilities, Weirdness & Mutations

You have an increased reservoir of magic. (+10% MP)
You shall have no god before yourself.
Your divine heritage dramatically boosts your attributes as you level up.


Message History

The red draconian hits you with a +1 broad axe of flaming!
The red draconian burns you.
Casting: Lightning Bolt (dangerous; 7% risk of failure)
Confirm with . or Enter, or press ? or * to list all spells.
Aiming: Lightning Bolt (dangerous; 7% risk of failure)
Press: ? - help, Shift-Dir - straight line You feel a strong surge of power!
You hear a mighty clap of thunder!
The bolt of lightning misses the red draconian.
The bolt of lightning hits the red draconian!
The red draconian is almost dead.
The red draconian breathes fire at you. The searing blast misses you.
Casting: Lightning Bolt (dangerous; 7% risk of failure)
Confirm with . or Enter, or press ? or * to list all spells.
Aiming: Lightning Bolt (dangerous; 7% risk of failure)
Press: ? - help, Shift-Dir - straight line You feel a strong surge of power!
You hear a mighty clap of thunder!
The bolt of lightning hits the red draconian!!
You kill the red draconian!
You have reached level 11!
You start resting.
The air gets thick with the scent of sulphur.
You start resting.
The volcano roars to life, belching forth lava!
You start resting.
A molten gargoyle comes into view. It is wielding a +0 mace.
There is an open door here.
Things that are here:
a +1 broad axe of flaming; a +0 cloak; a red draconian corpse
Okay, then.
A molten gargoyle opens the large door.
As you read the scroll of teleportation, it crumbles to dust.
You feel strangely unstable.
The molten gargoyle blasts magma at you!
The bolt of magma hits you!
The molten gargoyle blasts magma at you!
The bolt of magma hits you!!
You die...

§≈≈≈≈§≈≈≈§§..# #.# ≈≈≈§§≈ ≈≈≈≈
#.# ≈§≈§≈ ≈§≈ #.# §§§§§ §≈ .#.#
≈§§≈ ≈ ######.#.# ≈§≈ ..... #.#
≈≈≈§ ###9'###'###++### §≈≈≈§
#....#..)÷.#....# §≈§≈≈§
#.∩@.#.8_8.#.d∩.# ≈§§≈≈≈§
#....).9...'....# ≈§§§§§§
################# ≈≈≈§≈≈≈
§≈≈≈§≈§≈≈≈§§≈ ≈ §≈§§≈≈§≈≈≈≈≈≈ §≈≈
.≈≈§≈§≈§≈§§≈≈§§≈≈≈§≈≈≈≈≈§§≈§§§§§≈
..≈≈≈≈≈≈§≈≈≈≈§≈≈≈≈≈≈≈≈≈§≈§§§≈§§§≈
...≈≈≈§§§§≈§§§≈≈≈≈§≈≈≈≈≈§≈§§..≈≈≈


You could see 2 molten gargoyles.

Vanquished Creatures
  A red draconian (Volcano)
  A centaur warrior (Volcano)
  A cane toad (Lair:1)
  Maggie (D:8)
  A komodo dragon (Lair:1)
  2 yaktaurs (Volcano)
  A troll (D:9)
  2 wyverns
  A yak (D:7)
  3 steam dragons (D:8)
  2 fire bats (Volcano)
  A basilisk (Lair:1)
  5 water moccasins
  2 ice beasts (D:7)
  6 orc warriors
  2 sky beasts
  5 black bears
  3 centaurs
  An ogre (D:5)
  A kobold brigand (D:7)
  A phantom (D:6)
  5 bullfrogs
  2 necrophages
  13 scorpions
  8 wights
  3 killer bees
  A howler monkey (D:8)
  5 lava snakes (Volcano)
  3 centaur zombies (Ossuary)
  A quasit (D:10)
  Crazy Yiuf (D:2)
  4 orc priests
  2 gnoll boudas
  3 hounds
  2 human zombies (Ossuary)
  Jessica (D:2)
  6 orc wizards
  4 iguanas
  8 scorpion zombies (Ossuary)
  4 mummies
  12 gnolls
  3 adders
  3 shadow imps
  A white imp (D:7)
  An ufetubus (D:7)
  2 worms
  A dart slug (D:1)
  36 orcs
  9 ball pythons
  A bat (D:2)
  7 endoplasms
  5 giant cockroaches
  2 gnoll zombies (Ossuary)
  9 goblins
  10 hobgoblins
  6 jackals
  4 quokkas
  4 frilled lizards
  5 hobgoblin zombies (Ossuary)
  21 kobolds
  A kobold zombie (Ossuary)
  An orc zombie (Ossuary)
  5 rats
268 creatures vanquished.

Vanquished Creatures (others)
  2 gnolls (D:8)
  3 demonic plants (D:10)
  42 fungi (D:8)
  48 plants
95 creatures vanquished.

Grand Total: 363 creatures vanquished

Notes
Turn   | Place    | Note
-------+----------+-------------------------------------------
     0 | D:1      | soylentgreeen202 the Demigod Air Elementalist began the
                  | quest for the Orb.
     0 | D:1      | Reached XP level 1. HP: 14/14 MP: 5/5
   162 | D:1      | Reached skill level 1 in Conjurations
   361 | D:1      | Upgraded the game from 0.29.1-1-gd02db6906a to
                  | 0.29.1-4-g47bece8355
   388 | D:1      | Reached XP level 2. HP: 20/20 MP: 2/7
   557 | D:1      | Reached skill level 3 in Air Magic
  1286 | D:1      | Reached XP level 3. HP: 26/26 MP: 4/8
  1578 | D:2      | Noticed Jessica
  1590 | D:2      | Killed Jessica
  1593 | D:2      | Reached XP level 4. HP: 14/33 MP: 1/9
  2563 | D:2      | Learned a level 2 spell: Static Discharge
  2640 | D:2      | Found a runed translucent door.
  2641 | D:2      | Noticed Crazy Yiuf
  2651 | D:2      | HP: 2/49 [poisoned by Crazy Yiuf]
  2658 | D:2      | Killed Crazy Yiuf
  2659 | D:2      | Reached skill level 4 in Air Magic
  3410 | D:3      | Reached XP level 5. HP: 38/38 MP: 6/11
  4544 | D:4      | Learned a level 3 spell: Swiftness
  4671 | D:4      | Reached XP level 6. HP: 28/45 MP: 9/15
  4843 | D:4      | Found a staircase to the Ecumenical Temple.
  5184 | D:5      | Entered Level 5 of the Dungeon
  5396 | D:5      | Reached skill level 1 in Short Blades
  6100 | D:6      | Found a sand-covered staircase.
  6109 | Ossuary  | Entered an ossuary
  6183 | Ossuary  | Reached skill level 5 in Air Magic
  6183 | Ossuary  | Reached XP level 7. HP: 48/50 MP: 6/16
  6692 | Ossuary  | Reached skill level 6 in Air Magic
  7189 | Ossuary  | Reached skill level 5 in Conjurations
  7281 | Ossuary  | Reached XP level 8. HP: 52/57 MP: 7/17
  8533 | D:6      | Reached skill level 7 in Air Magic
  8535 | D:6      | Reached skill level 1 in Fighting
  9466 | D:6      | Reached XP level 9. HP: 58/66 MP: 4/19
 10120 | D:7      | Found a flagged portal.
 10179 | Bailey   | Entered a bailey
 10342 | Bailey   | Reached skill level 5 in Spellcasting
 10504 | Bailey   | Learned a level 4 spell: Airstrike
 10943 | Bailey   | Identified the +0 acid dragon scales "Fiomez" {Will++
                  | rCorr}
 10977 | D:7      | Reached skill level 5 in Stealth
 11709 | D:7      | Reached skill level 1 in Armour
 12030 | D:8      | Learned a level 2 spell: Searing Ray
 12521 | D:8      | Reached skill level 8 in Air Magic
 12669 | D:7      | Reached XP level 10. HP: 75/77 MP: 16/21
 12777 | D:8      | Found a staircase to the Lair.
 12801 | D:8      | Noticed Maggie
 12810 | D:8      | Killed Maggie
 13062 | Lair:1   | Entered Level 1 of the Lair of Beasts
 13204 | D:8      | Learned a level 2 spell: Searing Ray
 14291 | D:9      | Reached skill level 9 in Air Magic
 14441 | D:9      | Learned a level 2 spell: Poisonous Vapours
 15218 | D:10     | Entered Level 10 of the Dungeon
 15218 | D:10     | Noticed Grum
 15345 | D:10     | Noticed a sun demon
 15428 | D:10     | Noticed a soul eater
 15840 | Lair:1   | Reached skill level 5 in Dodging
 16278 | Lair:1   | You fall into a shaft and drop 1 floor!
 16290 | Lair:2   | Found a dark tunnel.
 16296 | Volcano  | Entered a volcano
 16711 | Volcano  | Noticed a centaur warrior
 16721 | Volcano  | Killed a centaur warrior
 16925 | Volcano  | Noticed a red draconian
 16937 | Volcano  | Learned a level 5 spell: Lightning Bolt
 16957 | Volcano  | Killed a red draconian
 16958 | Volcano  | Reached XP level 11. HP: 35/82 MP: 5/24
 16975 | Volcano  | Killed from afar by a molten gargoyle

Illustrated notes

Levels and vault maps discovered:
D:1:      dpeg_arrival_boxes_within_box, layout_basic, solitary_fountain
D:2:      layout_basic, basic_altar, shapermc_ecumenical_altar_pompeii,
          uniq_jessica, uniq_crazy_yiuf_cottage
D:3:      cheibrodos_helix_gallery, layout_basic
D:4:      layout_rooms, mainiacjoe_overflow_paths, minmay_temple_entry_glass
D:5:      layout_basic
D:6:      layout_basic, cheibrodos_worm_habitat, kennysheep_mini,
          gup_ossuary_entry_pyramid
D:7:      layout_rooms, serial_glass, glass_columns_c, glass_columns_c,
          glass_columns_a, glass_columns_a, enter_bailey_6
D:8:      layout_basic, due_lair_maze_entry_diamond, uniq_maggie
D:9:      layout_rooms
D:10:     layout_roguey, tso_oasis_becter, amcnicky_altar_gilded,
          serial_demonic, serial_demonic_e, serial_demonic_a, serial_demonic_g,
          serial_demonic_c, serial_demonic_g, serial_demonic_e,
          serial_demonic_a, uniq_urug, uniq_grum
Lair:1:   layout_regular_city, gauntlet_entry_generic
Lair:2:   layout_regular_city, elwin_shoals_entry_rooms,
          nicolae_volcano_entry_s_turn, basic_altar, minmay_shattered_shrine,
          uniq_erica
Volcano:  volcano_lake [vl_original]

Skill      XL: |  1  2  3  4  5  6  7  8  9 10 |
---------------+-------------------------------+-----
Conjurations   | 1 2 3 5 7 8 |  8.8
Stealth        | 2 5 |  5.1
Dodging        | 2 5 |  5.0
Spellcasting   | 2 4 5 6 |  6.0
Air Magic      | 3 4 5 6 7 8 9 |  9.0
Short Blades   | 1 |  1.2
Fighting       | 2 3 |  3.6
Armour         | 4 |  4.0
Throwing       | |  0.7

Action                   |  1- 3 |  4- 6 |  7- 9 | 10-12 || total
-------------------------+-------+-------+-------+-------++-------
Melee: Short sword       |     8 |       |       |       ||     8
       Staff             |       |    10 |    11 |     4 ||    25
Throw: Boomerang         |       |       |       |     2 ||     2
 Cast: Shock             |    62 |   103 |   329 |    72 ||   566
       Static Discharge  |       |     9 |    37 |    19 ||    65
       Swiftness         |       |     1 |       |       ||     1
       Airstrike         |       |       |     3 |    30 ||    33
       Lightning Bolt    |       |       |       |     5 ||     5
       Searing Ray       |       |       |       |     2 ||     2
Evoke: Wand              |       |       |     8 |       ||     8
  Use: Potion            |       |     6 |       |     3 ||     9
       Scroll            |       |     2 |     6 |    17 ||    25
 Stab: Sleeping          |     2 |     1 |       |       ||     3
Armor: Robe              |     8 |    10 |    35 |       ||    53
       Skin              |       |     5 |       |       ||     5
       Acid dragon scale |       |       |    32 |    18 ||    50
Dodge: Dodged            |    26 |    34 |    77 |    28 ||   165
